 Dungeon Crawl Stone Soup version 0.31-a0-233-g139696dc86 (webtiles) character file.

Game seed: 2574604608341458102

38 Decritt the Slasher (level 3, 28/28 HPs)
             Began as a Demonspawn Gladiator on July 8, 2023.
             Quit the game on level 2 of the Dungeon.
             The game lasted 00:02:08 (813 turns).

Decritt the Slasher (Demonspawn Gladiator)           Turns: 813, Time: 00:02:09

Health: 28/28      AC:  5    Str: 14    XL:     3   Next: 25%
Magic:  3/3        EV: 12    Int:  9    God:
Gold:   44         SH:  0    Dex: 16    Spells: 2/2 levels left

rFire   . . .        h - +2 short sword (vamp)
rCold   . . .        (no shield)
rNeg    . . .        b - +0 leather armour
rPois   .            c - +0 helmet
rElec   .            (no cloak)
rCorr   .            i - +0 pair of gloves
SInv    .            (no boots)
Will    .....        (no amulet)
Stlth   +            (no ring)
HPRegen 0.24/turn    (no ring)
MPRegen 0.08/turn

%: no passive effects
@: no status effects
A: hooves 1, demonic guardian 1
a: no special abilities


You were on level 2 of the Dungeon.
You visited 1 branch of the dungeon, and saw 2 of its levels.

You collected 44 gold pieces.

Inventory:

Hand Weapons
 a - a +0 long sword
 h - a +2 vampiric short sword (weapon)
Missiles
 d - 3 throwing nets (quivered)
 e - a javelin
Armour
 b - a +0 leather armour (worn)
 c - a +0 helmet (worn)
 i - a +0 pair of gloves (worn)
Scrolls
 g - a scroll of enchant weapon {unknown}
 k - a scroll of silence {unknown}
 l - a scroll of fear {unknown}
Potions
 f - a potion of cancellation {unknown}
 j - a potion of berserk rage {unknown}


   Skills:
 * Level 2.6 Fighting
 * Level 0.6(2.0) Short Blades
 - Level 3.0 Long Blades
 - Level 1.7 Throwing
 + Level 0.8 Armour
 + Level 3.0 Dodging


You had 2 spell levels left.
You didn't know any spells.
Your spell library contained the following spells:

 Spells                   Type           Power      Damage    Failure   Level
 Sandblast                Erth           0%         2d4       45%         1
 Slow                     Hex            0%         N/A       45%         1
 Passwall                 Tmut/Erth      0%         N/A       58%         2
 Confusing Touch          Hex            0%         N/A       83%         3
 Stone Arrow              Conj/Erth      0%         3d7       83%         3
 Vampiric Draining        Necr           0%         2d6       83%         3


Dungeon Overview and Level Annotations

Branches:
Dungeon (2/15)

Altars:


Innate Abilities, Weirdness & Mutations

You have large cloven feet.
A weak demonic guardian rushes to your aid.


Message History

You hit the adder.
The adder is almost dead.
The adder closely misses you.
You barely miss the adder.
The adder is almost dead.
The adder bites you but does no damage.
You hit the adder.
You kill the adder!
Your Dodging skill increases to level 3!
You have reached level 3!
Your experience leads to an increase in your attributes!
Increase (s)trength, (i)ntelligence, or (d)exterity?
You feel agile. x2; Your demonic ancestry asserts itself...
You feel the presence of a demonic guardian.
A goblin comes into view. It is wielding a +0 dagger.
A goblin is nearby!
A goblin is nearby!
The goblin hits you with a +0 dagger.
You hit the goblin.
You feel better.
The goblin is heavily wounded.
The goblin closely misses you.
You hit the goblin.
You kill the goblin!
No target in view!
Things that are here:
a +0 dagger; a goblin corpse An endoplasm comes into view.
Found a book of Geomancy.
Found an escape hatch in the floor.
The endoplasm hits you.
You hit the endoplasm.
You feel better.
You kick the endoplasm.
You kill the endoplasm!
No target in view!
No target in view!
You pick up a book of Geomancy and begin reading...
You add the spells Sandblast, Passwall and Stone Arrow to your library.
Found an escape hatch in the ceiling.
No target in view!
l - a scroll labelled NEORUU QULLE Are you sure you want to abandon this character and quit the game? (Confirm with "yes".)

### ..# #.# #.# #.# . #.# .#.#
#.# .#.# #@# #...# ##..
#######.##...# ##..#
............#####>..#
#######.......<.....###
###...##### #.....
#......######...#### #.
#.#.##.....##....... #.
####...######......####
#####.#####....#########.........


There were no monsters in sight!

Vanquished Creatures
  An adder (D:2)
  4 ball pythons (D:1)
  6 endoplasms
  3 goblins
  2 hobgoblins (D:1)
  2 bats (D:1)
  2 frilled lizards
  5 kobolds
  2 rats (D:1)
27 creatures vanquished.

Notes
Turn   | Place    | Note
-------+----------+-------------------------------------------
     0 | D:1      | Decritt the Demonspawn Gladiator began the quest for the
                  | Orb.
     0 | D:1      | Reached XP level 1. HP: 16/16 MP: 1/1
   220 | D:1      | Gained mutation: You have large cloven feet. [demonic
                  | ancestry]
   220 | D:1      | Reached XP level 2. HP: 22/22 MP: 2/2
   749 | D:2      | Gained mutation: A weak demonic guardian rushes to your
                  | aid. [demonic ancestry]
   749 | D:2      | Reached XP level 3. HP: 28/28 MP: 3/3
   813 | D:2      | Quit the game

Illustrated notes

Levels and vault maps discovered:
D:1:      reono_arrival_forest_river, layout_loops_ring
D:2:      layout_rooms

Skill      XL: |  1  2 |
---------------+-------+-----
Long Blades    | 3 |  3.0
Dodging        | 3 |  3.0
Fighting       | |  2.6
Short Blades   | |  0.6
Throwing       | |  1.7
Armour         | |  0.8

Action                     || total
---------------------------++-------
  Melee: Long sword        ||    30
         Short sword       ||    32
         Kick              ||    12
 Armour: Leather armour    ||    17
  Dodge: Dodged            ||    48

Table legend: (Time is in decaauts)
 A = Elapsed time spent in this place.
 B = Non-inter-level travel time spent in this place.
 C = Inter-level travel time spent in this place.
 D = Time resting spent in this place.
 E = Time spent auto-exploring this place.
 F = Levels seen in this place.
 G = Mean time per level.
                   A        B        C        D        E       F      G
               +--------+--------+--------+--------+--------+-----+--------+
         Total |    824 |    810 |     14 |      0 |    637 |   2 |  412.0 |
       Dungeon |    824 |    810 |     14 |      0 |    637 |   2 |  412.0 |
               +--------+--------+--------+--------+--------+-----+--------+

Top non-repeatable levels by time:
     D:1: 733 daAuts
     D:2: 90 daAuts
